 Dungeon Crawl Stone Soup version 0.19-a0-151-g039907c (webtiles) character file.

277 Duffy the Shield-Bearer (level 6, -8/47 HPs)
             Began as a Formicid Fighter on May 20, 2016.
             Was a Follower of Cheibriados.
             Killed by divine providence
             ... invoked by an orc priest
              (15 damage)
             ... on level 4 of the Dungeon.
             The game lasted 00:04:12 (2672 turns).

Duffy the Shield-Bearer (Formicid Fighter)          Turns: 2672, Time: 00:04:12

Health: -8/47      AC: 11    Str: 31    XL:     6   Next: 51%
Magic:  6/6        EV:  7    Int: 10    God:    Cheibriados [*.....]
Gold:   101        SH: 11    Dex: 13    Spells: 0 memorised, 5 levels left

rFire  . . .     SeeInvis +     a - +0 war axe
rCold  . . .     Gourm    .     e - +0 chain mail
rNeg   . . .     Faith    .     c - +0 shield
rPois  .         Spirit   .     (helmet unavailable)
rElec  .         Dismiss  .     (no cloak)
rCorr  .         Reflect  .     (no gloves)
SustAt .         Harm     .     n - +1 pair of boots
MR     +....                    (no amulet)
Stlth  ..........               (no ring)
                                i - ring of protection from magic

@: mighty, very slow, somewhat resistant to hostile enchantments, extremely
unstealthy
A: permanent stasis, dig shafts and tunnels, four strong arms, antennae 3
a: Dig, Shaft Self, Bend Time, Renounce Religion


You were on level 4 of the Dungeon.
You worshipped Cheibriados.
Cheibriados was aware of your devotion.
You were hungry.

You visited 1 branch of the dungeon, and saw 4 of its levels.

You collected 101 gold pieces.


Innate Abilities, Weirdness & Mutations

You are under a permanent stasis effect.
You can dig through walls and to a lower floor.
Your four strong arms can wield two-handed weapons with a shield.
You have a pair of large antennae on your head (SInv).


   Skills:
 - Level 3.2 Fighting
 + Level 4.9 Axes
 - Level 3.2 Armour
 + Level 6.1 Shields


You had 5 spell levels left.
You didn't know any spells.

Inventory:

Hand Weapons
 a - a +0 war axe (weapon)
Missiles
 h - 28 poisoned needles
 t - 5 tomahawks (quivered)
 y - 3 javelins
Armour
 b - a +0 scale mail
 c - a +0 shield (worn)
 e - a +0 chain mail (worn)
 n - a +1 pair of boots (worn)
 q - a +0 large shield
Jewellery
 i - a ring of protection from magic (left hand)
Scrolls
 j - a scroll of fear {unknown}
 o - a scroll of teleportation {unknown}
 p - 2 scrolls of remove curse
 s - a scroll of fog {unknown}
 v - a scroll of identify {unknown}
 x - a scroll of amnesia {unknown}
Potions
 g - a potion of berserk rage {unknown}
 k - a potion of mutation {unknown}
 m - a potion of resistance {unknown}
 u - a potion of lignification {unknown}
Comestibles
 f - 3 bread rations
 l - a beef jerky
 r - 2 fruits
 w - a royal jelly

Dungeon Overview and Level Annotations

Branches:
Dungeon (4/15)
 Temple: D:4-7

Altars:
Cheibriados
Elyvilon
Kikubaaqudgha
Makhleb
Xom
Zin

Annotations:
D:3 Grinder


Message History

You dig through the rock wall.
You are feeling hungry.
The orc priest barely misses you.
Drink which item? (? for menu, Esc to quit)
You feel very mighty all of a sudden. You block the orc priest's attack.
You slash the orc priest!
You kill the orc priest!
Cheibriados appreciates the change of pace.
You barely miss the orc warrior. You block the orc warrior's attack.
You completely miss the orc warrior. You block the orc warrior's attack.
You hit the orc warrior.
The orc warrior is lightly wounded.
The orc warrior barely misses you.
You barely miss the orc warrior.
The orc warrior is lightly wounded.
The orc warrior completely misses you.
You slash the orc warrior!
The orc warrior is moderately wounded.
You block the orc warrior's attack.
You hit the orc warrior.
The orc warrior is heavily wounded.
The orc warrior hits you with a long sword!
The orc warrior hits you with a long sword.
You slash the orc warrior!
The orc warrior is almost dead.
The orc warrior hits you with a long sword!
You closely miss the orc warrior.
The orc warrior is almost dead.
The orc warrior barely misses you.
You closely miss the orc warrior.
The orc warrior is almost dead.
The orc warrior barely misses you.
You closely miss the orc warrior.
The orc warrior is almost dead.
The orc warrior hits you with a long sword!
You slash the orc warrior!
You kill the orc warrior!
Cheibriados thoroughly appreciates the change of pace.
Cheibriados raises the support of your attributes as your movement slows.
Your Shields skill increases to level 6!
You have reached level 6!
Your experience leads to an increase in your attributes!
Your base attributes are Str 22, Int 7, Dex 10.
Increase (S)trength, (I)ntelligence, or (D)exterity?
You feel stronger.
You completely miss the orc priest.
The orc priest mumbles some strange prayers to Beogh against you.
Beogh smites you!
You die...

#........#
#........#
#........#
#........# #
#........# ..
#........# ...
#........# ....
##o## .....
#@#.####......
######{{.'o.o...
#...##.###......
#...##.# .....
#...##.# ....
#...##.# ...
#...##.# .#
#...##.# #
#...##.#


You could see an orc priest.

Action                   |  1- 3 |  4- 6 || total
-------------------------+-------+-------++-------
Melee: War axe           |    95 |   124 ||   219
 Abil: Dig               |       |     3 ||     3
  Use: Scroll            |       |     1 ||     1
       Potion            |       |     1 ||     1
  Eat: Chunk             |     1 |     4 ||     5
Armor: Chain mail        |    64 |    58 ||   122
Dodge: Dodged            |    26 |    38 ||    64
Block: Shield            |    61 |    81 ||   142

Notes
Turn   | Place    | Note
--------------------------------------------------------------
     0 | D:1      | Duffy the Formicid Fighter began the quest for the Orb.
     0 | D:1      | Reached XP level 1. HP: 18/18 MP: 1/1
   132 | D:1      | Reached XP level 2. HP: 21/24 MP: 2/2
   846 | D:2      | Reached skill level 3 in Axes
   846 | D:2      | Reached skill level 4 in Shields
   846 | D:2      | Reached XP level 3. HP: 25/29 MP: 3/3
  1201 | D:2      | Reached XP level 4. HP: 34/35 MP: 4/4
  1545 | D:2      | Found a white marble altar of Elyvilon.
  1592 | D:2      | Found a snail-covered altar of Cheibriados.
  1592 | D:2      | Found an ancient bone altar of Kikubaaqudgha.
  1602 | D:2      | Became a worshipper of Cheibriados the Contemplative
  2099 | D:3      | Reached * piety under Cheibriados
  2148 | D:3      | Reached skill level 4 in Axes
  2148 | D:3      | Reached XP level 5. HP: 35/41 MP: 5/5
  2390 | D:3      | Noticed Grinder
  2493 | D:4      | Reached skill level 5 in Shields
  2601 | D:4      | Found a glowing silver altar of Zin.
  2605 | D:4      | Found a burning altar of Makhleb.
  2605 | D:4      | Found a shimmering altar of Xom.
  2652 | D:4      | Noticed an orc warrior
  2671 | D:4      | Killed an orc warrior
  2671 | D:4      | Reached skill level 6 in Shields
  2671 | D:4      | Reached XP level 6. HP: 7/47 MP: 6/6
  2672 | D:4      | Killed from afar by an orc priest

Skill      XL: |  1  2  3  4  5 |
---------------+----------------+-----
Axes           | 3 4 |  4.9
Shields        | 4 6 |  6.1
Fighting       | |  3.2
Armour         | |  3.2

Vault maps used:
D:1:      dpeg_arrival_round_b
D:2:      elyvilon_altar_4, nicolae_overflow_hidden_temple,
          nicolae_underground_beach
D:3:      tso_metal_star, uniq_grinder
D:4:      gammafunk_temple_overflow_forgotten, minmay_temple_entry_hall,
          first_bread

Vanquished Creatures
  An orc warrior
  An orc priest
  A centaur skeleton
  A worker ant
  3 adders
  An adder zombie
  2 adder skeletons
  A worm
  2 dart slugs
  3 giant geckos
  12 bats
  2 giant cockroaches
  7 goblins
  2 hobgoblins
  7 kobolds
  4 quokkas
  2 ball pythons
  2 giant newts
  7 rats
61 creatures vanquished.
